 Dungeon Crawl Stone Soup version 0.25-a0-699-g25a338df49 (webtiles) character file.

Game seed: 9434716563808404675, levelgen mode: deterministic

186 FollowTheCloud the Skirmisher (level 5, -4/42 HPs)
             Began as a Demonspawn Fighter on Apr 2, 2020.
             Slain by a gnoll
             ... wielding a +1 spear of electrocution
              (19 damage)
             ... on level 3 of the Dungeon.
             The game lasted 00:05:17 (2697 turns).

FollowTheCloud the Skirmisher (Demonspawn Fighter)  Turns: 2697, Time: 00:05:18

Health: -4/42      AC: 11    Str: 18    XL:     5   Next: 38%
Magic:  5/5        EV:  3    Int:  9    God:
Gold:   154        SH:  9    Dex: 14    Spells: 4/4 levels left

rFire    . . .     SeeInvis .   a - +0 flail
rCold    . . .     Gourm    .   c - +0 kite shield
rNeg     . . .     Faith    .   o - +0 plate armour
rPois    .         Spirit   .   (helmet restricted)
rElec    .         Reflect  .   (no cloak)
rCorr    .         Harm     .   (no gloves)
MR       .....                  (no boots)
Stlth    ..........             (no amulet)
HPRegen  0.14/turn              (no ring)
MPRegen  0.09/turn              (no ring)

@: glowing
A: antennae 2, thin skeletal structure 1, demonic guardian 1
a: no special abilities


You were on level 3 of the Dungeon.
You were not hungry.

You visited 1 branch of the dungeon, and saw 3 of its levels.

You collected 154 gold pieces.

Inventory:

Hand Weapons
 a - a +0 flail (weapon)
Armour
 c - a +0 kite shield (worn)
 o - a +0 plate armour (worn)
Wands
 g - a wand of disintegration (16)
Scrolls
 e - a scroll of fog {unknown}
 j - a scroll of magic mapping {unknown}
 k - a scroll of remove curse {unknown}
 m - a scroll of identify {unknown}
 n - 2 scrolls of fear {unknown}
 q - a scroll of enchant armour {unknown}
Potions
 b - 3 potions of resistance {unknown}
 d - a potion of might
 h - 2 potions of lignification {unknown}
 p - a potion of heal wounds {unknown}
Comestibles
 f - 6 rations
 l - 2 chunks of flesh


   Skills:
 + Level 3.9 Fighting
 + Level 2.9 Maces & Flails
 + Level 3.6 Armour
 + Level 3.6 Shields


You had 4 spell levels left.
You didn't know any spells.
Your spell library was empty.

Dungeon Overview and Level Annotations

Branches:
Dungeon (3/15)

Altars:
Trog
Wu Jian
The Shining One

Annotations:
D:3 1 transporter


Innate Abilities, Weirdness & Mutations

You have a pair of antennae on your head.
You have a somewhat thin skeletal structure. (Dex +2, Stealth)
A weak demonic guardian rushes to your aid.


Message History

The gnoll hits your iron imp but does no damage.
The gnoll completely misses your iron imp.
The gnoll barely misses your iron imp. You block the gnoll's attack.
You closely miss the gnoll. The gnoll barely misses you.
The gnoll hits your iron imp but does no damage.
You block the gnoll's attack. You block the gnoll shaman's attack.
You hit the gnoll but do no damage. You block the gnoll's attack.
The gnoll hits you but does no damage.
The gnoll shaman hits you but does no damage.
The gnoll barely misses your iron imp.
Your iron imp hits the gnoll shaman but does no damage.
The gnoll hits you from afar with a +1 spear of electrocution.
You are electrocuted!
* * * LOW HITPOINT WARNING * * *
You feel better. The gnoll barely misses your iron imp.
You block the gnoll's attack.
The gnoll shaman hits your iron imp with a +0 club.
The gnoll hits you from afar with a +1 spear of electrocution.
You are electrocuted!!
You die...

<.<........≈≈###.##g##.###≈≈..#
..........)≈≈..#.#.5.#g#..≈≈..#
........#..≈≈.##.#⌠.⌠#.##.≈≈..#
###.#......≈≈.#©.#...#..#.≈≈..#
##.........≈≈.##.##g##.##.≈≈..#
...#....##.....#.#...#.#..≈≈..#
###..##.##....©#g'.©.'.#©.≈≈..#
....###>.#....(#g#8⌠8#.#..≈≈..#
.#### ##.#.≈≈.##@#####.##.≈≈..#
########.#.≈≈.#.g#$:[#.[#.≈≈..#
.......#...≈≈.##5#...#.##.≈≈..#
#...#..#...≈≈..#g#$$$#.#..≈≈..#
......_##..≈≈###g##'##.###≈≈..#
#...#..##..≈≈#..gg.......#≈≈..#
.......##..≈≈#..###.###..#≈≈..#
#########..≈≈#..#8###8#..#≈≈..#
#.....≈≈####.....####≈≈..#


You could see a gnoll shaman, 7 gnolls and a friendly iron imp.

Vanquished Creatures
  The ghost of harlaan the Caller, a weakling DESu (D:3)
  5 adders
  2 gnolls (D:3)
  An ooze (D:3)
  5 worms
  2 dart slugs
  A leopard gecko (D:3)
  4 orcs (D:3)
  A ball python (D:2)
  4 giant cockroaches
  4 goblins
  6 hobgoblins
  5 jackals (D:3)
  5 kobolds
  A quokka (D:2)
  6 bats
  4 frilled lizards
  2 rats
59 creatures vanquished.

Vanquished Creatures (collateral kills)
  A gnoll (D:3)
  A worm (D:3)
2 creatures vanquished.

Vanquished Creatures (others)
  6 plants (D:3)
6 creatures vanquished.

Grand Total: 67 creatures vanquished

Notes
Turn   | Place    | Note
-------+----------+-------------------------------------------
     0 | D:1      | FollowTheCloud the Demonspawn Fighter began the quest for
                  | the Orb.
     0 | D:1      | Reached XP level 1. HP: 18/18 MP: 1/1
   289 | D:1      | Gained mutation: You have a somewhat thin skeletal
                  | structure. (Dex +2, Stealth) [demonic ancestry]
   289 | D:1      | Reached XP level 2. HP: 24/24 MP: 2/2
   677 | D:2      | Found a bloodstained altar of Trog,
   829 | D:2      | Gained mutation: A weak demonic guardian rushes to your
                  | aid. [demonic ancestry]
   829 | D:2      | Reached XP level 3. HP: 14/29 MP: 3/3
  1648 | D:2      | Gained mutation: You have a pair of small antennae on your
                  | head. [demonic ancestry]
  1648 | D:2      | Reached XP level 4. HP: 34/35 MP: 4/4
  2027 | D:3      | Found a transporter,
  2036 | D:3      | Found a transporter,
  2139 | D:3      | Noticed harlaan's ghost (weakling DESu)
  2362 | D:3      | Gained mutation: You have a pair of antennae on your head.
                  | [demonic ancestry]
  2362 | D:3      | Reached XP level 5. HP: 35/42 MP: 5/5
  2401 | D:3      | Found an ornate altar of the Wu Jian Council,
  2523 | D:3      | Found a glowing golden altar of the Shining One,
  2685 | D:3      | Killed harlaan's ghost
  2697 | D:3      | Slain by a gnoll

Levels and vault maps discovered:
D:1:      eino_arrival_cavern_c, layout_loops_ring, minmay_tromino_v2
D:2:      layout_rooms, lightli_temple_of_fire, minmay_ruptured
D:3:      layout_rooms, lemuel_coloured_pillars_altar, old_standard_altar,
          gammafunk_ghost_gnarly_gnolls, first_ration,
          kennysheep_generic_room_11

Skill      XL: |  1  2 |
---------------+-------+-----
Maces & Flails | 2 |  2.9
Armour         | 3 |  3.6
Shields        | 3 |  3.6
Fighting       | |  3.9

Action                   |  1- 3 |  4- 6 || total
-------------------------+-------+-------++-------
Melee: Flail             |   145 |    99 ||   244
       Unarmed           |       |     2 ||     2
Evoke: Wand              |       |     2 ||     2
  Use: Potion            |     2 |     1 ||     3
  Eat: Chunk             |     1 |     5 ||     6
Armor: Scale mail        |    72 |    31 ||   103
       Plate armour      |       |    32 ||    32
Dodge: Dodged            |    45 |    26 ||    71
Block: Kite shield       |    97 |    65 ||   162

Table legend:
 A = Non-vault XP
 B = Vault XP
 C = Vault XP percentage of total XP
 D = Non-vault monster count
 E = Vault monster count
 F = Vault count percentage of total count
                 A         B        C        D         E       F
            +---------+---------+-------+---------+---------+-------
      Total |     213 |      53 |  19.9 |      55 |       6 |   9.8
            +---------+---------+-------+---------+---------+-------
        D:1 |      14 |       2 |  12.5 |       8 |       2 |  20.0
        D:2 |     100 |       3 |   2.9 |      23 |       2 |   8.0
        D:3 |      99 |      48 |  32.7 |      24 |       2 |   7.7
            +---------+---------+-------+---------+---------+-------
